 Dungeon Crawl Stone Soup version 0.19.0-22-gd96e5fe (webtiles) character file.

5855 mmcf the Grappler (level 10, -27/102 HPs)
             Began as a Troll Monk on Nov 19, 2016.
             Killed from afar by Erica (30 damage)
             ... with a wand of lightning
             ... on level 8 of the Dungeon.
             The game lasted 00:17:31 (6620 turns).

mmcf the Grappler (Troll Monk)                      Turns: 6620, Time: 00:17:32

Health: -27/102    AC:  6    Str: 21    XL:     10   Next: 52%
Magic:  9/9        EV: 12    Int:  6    God:
Gold:   112        SH:  0    Dex: 15    Spells: 0 memorised, 9 levels left

rFire  . . .     SeeInvis .       - Unarmed
rCold  + . .     Gourm    +     g - +0 robe
rNeg   + . .     Faith    .     (no shield)
rPois  .         Spirit   .     (helmet restricted)
rElec  .         Reflect  .     G - +0 cloak
rCorr  .         Harm     .     (gloves unavailable)
MR     .....                    (boots unavailable)
Stlth  ++........               (no amulet)
                                v - ring of positive energy
                                p - ring of protection from cold

@: no status effects
A: unfitting armour, claws 3, fast metabolism 3, gourmand, regeneration 1,
shaggy fur 1, tough skin 2
a: no special abilities


You were on level 8 of the Dungeon.
You were not hungry.

You visited 2 branches of the dungeon, and saw 9 of its levels.

You collected 359 gold pieces.
You spent 247 gold pieces at shops.

Inventory:

Hand Weapons
 a - a +0 blowgun
 r - a +0 hunting sling
 u - a +0 giant spiked club
Missiles
 h - 85 stones (quivered)
 q - 27 poisoned needles
Armour
 g - a +0 robe (worn)
 G - a +0 cloak (worn)
Jewellery
 p - a ring of protection from cold (left claw)
 s - an uncursed ring of fire
 v - a ring of positive energy (right claw)
 L - an uncursed ring of protection from fire {unknown}
Wands
 w - a wand of confusion (31/48)
 z - a wand of paralysis (8/24)
 B - a wand of random effects (31/48)
Scrolls
 e - 2 scrolls of immolation
 i - a scroll of fear {unknown}
 k - a scroll of fog {unknown}
 n - a scroll of blinking {unknown}
 t - 5 scrolls of remove curse {unknown}
 y - a scroll of enchant weapon {unknown}
 E - a scroll of amnesia {unknown}
 F - a scroll of vulnerability {unknown}
 H - a scroll of recharging {unknown}
 I - a scroll of magic mapping {unknown}
Potions
 c - 2 potions of cure mutation
 d - a potion of resistance {unknown}
 f - 3 potions of heal wounds
 l - 2 potions of curing
 m - a potion of flight {unknown}
 o - a potion of lignification {unknown}
 x - 2 potions of agility
 C - a potion of brilliance {unknown}
 D - a potion of haste
 J - 2 potions of ambrosia {unknown}
 M - a potion of invisibility {unknown}
Books
 A - a book of Conjurations

   Spells                             Type                      Level
   a - Magic Dart                     Conjuration                  1
   b - Searing Ray                    Conjuration                  2
   c - Dazzling Spray                 Conjuration/Hexes            3
   d - Fulminant Prism                Conjuration/Hexes            4
   e - Iskenderun's Mystic Blast      Conjuration                  4
   f - Iskenderun's Battlesphere      Conjuration/Charms           5
Comestibles
 b - 10 bread rations
 j - 2 beef jerkies
 K - 3 fruits


   Skills:
 + Level 7.1 Fighting
 + Level 5.7 Throwing
 - Level 4.3 Dodging
 - Level 1.0 Stealth
 * Level 11.6 Unarmed Combat


You had 9 spell levels left.
You didn't know any spells.

Dungeon Overview and Level Annotations

Branches:
Dungeon (8/15)             Temple (1/1) D:6
   Lair: D:8-11

Altars:
Ashenzari
Dithmenos
Elyvilon
Fedhas
Gozag
Hepliaklqana
Kikubaaqudgha
Makhleb
Nemelex Xobeh
Ru
Sif Muna
Trog
Uskayaw
Vehumet
Xom
Yredelemnul
Zin
The Shining One

Shops:
D:6 !

Annotations:
D:8 Erica


Innate Abilities, Weirdness & Mutations

You are too large for most types of armour.
You have claws for hands.
Your metabolism is lightning-fast.
You like to eat raw meat.
Your natural rate of healing is unusually fast.
You are covered in fur. (AC +1)
You have very tough skin. (AC +2)


Message History

It is a wand of lightning.
Erica hits you with a scimitar of flaming!
Erica burns you!
You claw Erica!
Erica is lightly wounded.
Erica hits you with a scimitar of flaming!
Erica burns you.
You scratch Erica.
Erica is moderately wounded.
You mangle Erica!!
Erica is severely wounded.
Erica hits you with a scimitar of flaming!
Erica burns you.
* * * LOW HITPOINT WARNING * * *
You barely miss Erica.
Erica is severely wounded.
Erica zaps a wand.
The bolt of lightning hits you!
* * * LOW HITPOINT WARNING * * *
The bolt of lightning hits you!
You die...

### ..# ### #.# #..
#@# #.# #@# #.# #
#.#### #.# #. #†...#
# #.#
#.##########.#.# #<#
#..............#...#
##......#####.#####.#
..............# #.#
........####..# #.#
............... ...


You could see Erica.

Vanquished Creatures
  Pikel (D:7)
  A redback zombie (D:7)
  2 hellwings
  A slime creature (D:5)
  A hippogriff (D:8)
  Sigmund (D:2)
  A hungry ghost (D:8)
  The ghost of TotoDurand the Covered, an amateur GrFi (D:3)
  Duvessa (D:5)
  3 ice beasts
  3 ogres
  2 centaurs
  4 bullfrogs
  A wyvern zombie (D:7)
  Dowan (D:5)
  A scorpion (D:4)
  A wyvern skeleton (D:7)
  3 killer bees (D:8)
  4 crimson imps
  5 centaur zombies
  5 hounds
  10 jellies
  2 orc wizards
  Ijyb (D:3)
  2 centaur skeletons
  2 iguanas
  3 worker ants
  A hound zombie (D:7)
  A hound skeleton (D:7)
  2 worker ant zombies (D:3)
  14 adders
  6 shadow imps
  8 oozes
  2 adder zombies (D:5)
  2 adder skeletons
  2 worms
  A dart slug (D:1)
  A leopard gecko (D:2)
  16 orcs
  2 giant cockroaches
  11 goblins
  10 hobgoblins
  3 quokkas
  10 bats
  8 frilled lizards
  A jackal skeleton (D:4)
  A jackal zombie (D:5)
  6 kobolds
  2 quokka skeletons
  A quokka zombie (D:3)
  14 rats
188 creatures vanquished.

Vanquished Creatures (others)
  A centaur zombie (D:7)
  A slave (D:7)
  7 fungi (D:6)
9 creatures vanquished.

Grand Total: 197 creatures vanquished

Notes
Turn   | Place    | Note
-------+----------+-------------------------------------------
     0 | D:1      | mmcf the Troll Monk began the quest for the Orb.
     0 | D:1      | Reached XP level 1. HP: 22/22 MP: 0/0
   106 | D:1      | Reached XP level 2. HP: 29/29 MP: 1/1
   136 | D:2      | Noticed Sigmund
   677 | D:2      | Reached XP level 3. HP: 36/36 MP: 2/2
   873 | D:2      | Reached skill level 4 in Unarmed Combat
  1021 | D:3      | Reached XP level 4. HP: 42/44 MP: 3/3
  1503 | D:3      | Reached XP level 5. HP: 53/53 MP: 4/4
  1545 | D:2      | Killed Sigmund
  1545 | D:2      | Reached skill level 5 in Unarmed Combat
  1545 | D:2      | Reached XP level 6. HP: 49/61 MP: 5/5
  1575 | D:3      | Found a radiant altar of Vehumet.
  1703 | D:3      | Noticed Ijyb
  1715 | D:3      | Killed Ijyb
  2161 | D:3      | Noticed TotoDurand's ghost (amateur GrFi)
  2194 | D:3      | Killed TotoDurand's ghost
  2194 | D:3      | Reached skill level 6 in Unarmed Combat
  2194 | D:3      | Reached XP level 7. HP: 53/68 MP: 6/6
  2382 | D:5      | Entered Level 5 of the Dungeon
  2997 | D:4      | Reached skill level 7 in Unarmed Combat
  3422 | D:6      | Reached XP level 8. HP: 59/79 MP: 7/7
  3508 | D:5      | Reached skill level 1 in Throwing
  3571 | D:5      | Found a shadowy altar of Dithmenos.
  3571 | D:5      | Found a deep blue altar of Sif Muna.
  3580 | D:5      | Found a bloodstained altar of Trog.
  3581 | D:5      | Found a basalt altar of Yredelemnul.
  3582 | D:5      | Found a shimmering altar of Xom.
  3583 | D:5      | Found a glowing golden altar of the Shining One.
  3585 | D:5      | Found a glowing silver altar of Zin.
  3640 | D:5      | Found a sacrificial altar of Ru.
  3726 | D:6      | Found a staircase to the Ecumenical Temple.
  3735 | Temple   | Entered the Ecumenical Temple
  4026 | D:5      | Noticed Duvessa
  4040 | D:5      | Killed Duvessa
  4040 | D:5      | Reached skill level 5 in Fighting
  4040 | D:5      | Reached skill level 8 in Unarmed Combat
  4044 | D:5      | Noticed Dowan
  4053 | D:5      | Killed Dowan
  4385 | D:7      | Noticed a hellwing
  4483 | D:6      | Found Ytwedaqi's Distillery.
  4491 | D:6      | Bought a potion of haste for 130 gold pieces
  4491 | D:6      | Bought a potion of heal wounds for 65 gold pieces
  4491 | D:6      | Bought a potion of agility for 52 gold pieces
  4641 | D:6      | Got a faintly glowing shortbow
  4642 | D:6      | Identified the +5 shortbow "Xatyabb" {venom, rElec rPois Str+4 Dex+2} (You found it on level 6 of the Dungeon)
  4651 | D:6      | Reached skill level 9 in Unarmed Combat
  4757 | D:6      | Noticed a slime creature
  4764 | D:6      | Reached XP level 9. HP: 69/88 MP: 8/8
  5329 | D:7      | Noticed a hellwing
  5343 | D:7      | Killed a hellwing
  5343 | D:7      | Reached skill level 10 in Unarmed Combat
  5417 | D:7      | Reached XP level 10. HP: 73/100 MP: 9/9
  5420 | D:7      | Reached skill level 5 in Throwing
  5477 | D:7      | Noticed Pikel
  5513 | D:6      | Reached skill level 11 in Unarmed Combat
  5746 | D:7      | Killed Pikel
  6245 | D:7      | Found a sacrificial altar of Ru.
  6613 | D:8      | Noticed Erica
  6620 | D:8      | HP: 3/102 [Erica/wand of lightning (27)]
  6620 | D:8      | Killed from afar by Erica

Skill      XL: |  1  2  3  4  5  6  7  8  9 10 |
---------------+-------------------------------+-----
Unarmed Combat | 4 5 6 7 9 10 11 | 11.6
Dodging        | 3 4 |  4.3
Fighting       | 3 4 5 6 7 |  7.1
Throwing       | 3 4 5 |  5.7
Stealth        | |  1.0

Action                   |  1- 3 |  4- 6 |  7- 9 | 10-12 || total
-------------------------+-------+-------+-------+-------++-------
Melee: Unarmed           |   112 |   111 |   316 |    75 ||   614
       Punch             |     3 |     3 |    10 |     4 ||    20
 Fire: Hunting sling     |       |     2 |       |       ||     2
       Blowgun           |       |       |     1 |       ||     1
  Use: Scroll            |       |       |     3 |       ||     3
 Stab: Sleeping          |     4 |     2 |     3 |       ||     9
       Distracted        |       |       |     1 |       ||     1
  Eat: Chunk             |    15 |    10 |    30 |     3 ||    58
       Meat ration       |       |       |       |     1 ||     1
Armor: Robe              |    32 |    26 |    64 |    17 ||   139
Dodge: Dodged            |    56 |    60 |   157 |    56 ||   329
